 Dungeon Crawl Stone Soup version 0.30-a0-3-gc9032a9cac (webtiles) character file.

Game seed: 7834985048516437523

33 BritishOli the Trooper (level 3, 0/29 HPs)
             Began as a Demonspawn Fighter on Aug 20, 2022.
             Frozen to death by an endoplasm (5 damage)
             ... on level 2 of the Dungeon.
             The game lasted 00:01:16 (1493 turns).

BritishOli the Trooper (Demonspawn Fighter)         Turns: 1493, Time: 00:01:18

Health: 0/29       AC:  6    Str: 18    XL:     3   Next: 12%
Magic:  3/3        EV:  9    Int:  9    God:
Gold:   47         SH:  4    Dex: 12    Spells: 2/2 levels left

rFire   . . .      SeeInvis .    a - +0 long sword
rCold   . . .      Faith    .    c - +0 buckler
rNeg    . . .      Spirit   .    b - +0 scale mail
rPois   .          Reflect  .    (no helmet)
rElec   .          Harm     .    (no cloak)
rCorr   .          Rampage  .    (no gloves)
Will    .....                    (no boots)
Stlth   ..........               (no amulet)
HPRegen 0.09/turn                (no ring)
MPRegen 0.08/turn                (no ring)

@: lethally poisoned (0 -> -3)
A: demonic touch 2
a: no special abilities


You were on level 2 of the Dungeon.
You visited 1 branch of the dungeon, and saw 2 of its levels.

You collected 47 gold pieces.

Inventory:

Hand Weapons
 a - a +0 long sword (weapon)
Armour
 b - a +0 scale mail (worn)
 c - a +0 buckler (worn)
Scrolls
 f - 2 scrolls of teleportation {unknown}
 h - 3 scrolls of identify {unknown}
 j - a scroll of fear {unknown}
 k - 2 scrolls of butterflies {unknown}
 m - 2 scrolls of amnesia {unknown}
 p - a scroll of acquirement {unknown}
Potions
 d - a potion of might
 e - 2 potions of ambrosia {unknown}
 g - 2 potions of brilliance {unknown}
 i - 2 potions of attraction {unknown}
 l - a potion of flight {unknown}
 n - a potion of lignification {unknown}
 o - 2 potions of haste {unknown}


   Skills:
 + Level 3.3 Fighting
 + Level 2.2 Long Blades
 + Level 3.0 Armour
 + Level 3.0 Shields


You had 2 spell levels left.
You didn't know any spells.
Your spell library was empty.

Dungeon Overview and Level Annotations

Branches:
Dungeon (2/15)

Altars:


Innate Abilities, Weirdness & Mutations

Your touch may inflict irresistible damage on your foes.


Message History

There are monsters nearby!
You are too injured to fight recklessly!
There are monsters nearby!
You are too injured to fight recklessly!
There are monsters nearby!
There are monsters nearby!
You are too injured to fight recklessly!
You are too injured to fight recklessly!
There are monsters nearby!
There are monsters nearby!
You are too injured to fight recklessly!
You are too injured to fight recklessly!
You are too injured to fight recklessly!
You are too injured to fight recklessly!
You are too injured to fight recklessly!
You are too injured to fight recklessly!
You are too injured to fight recklessly!
You hit the adder but do no damage.
The adder is almost dead.
You feel sick. The adder bites you but does no damage. The endoplasm hits you.
The adder bites you.
You are more poisoned.
The adder poisons you!
You barely miss the adder.
The adder is almost dead.
* * * LOW HITPOINT WARNING * * *
You feel very sick. The adder bites you but does no damage.
You block the endoplasm's attack.
You miss the adder.
The adder is almost dead.
You feel sick. The adder closely misses you.
The endoplasm hits you but does no damage.
You block the adder's attack.
You slash the adder!
You kill the adder!
* * * LOW HITPOINT WARNING * * *
You feel sick. The endoplasm freezes you.
You are frozen.
You die...

#. #.###...# ## #.
#.##..### #.
#.###)....##
####.####..##...#..#
.#.>.....##.#.†####.##
........$.....## #..#
...........##.# ##.#
...........##... #.##
.......@...##...#
#..##
?.....J.....#...#
##..#
........$##.....# ##..
.........# ##.>.# ###
.........# #..$#
.........# ###
.........# .........#


You could see an endoplasm.

Vanquished Creatures
  An adder (D:2)
  A dart slug (D:2)
  2 ball pythons (D:2)
  4 endoplasms
  2 giant cockroaches
  4 goblins
  4 hobgoblins
  5 kobolds
  A quokka (D:1)
  A bat (D:2)
  A frilled lizard (D:1)
  4 rats
30 creatures vanquished.

Notes
Turn   | Place    | Note
-------+----------+-------------------------------------------
     0 | D:1      | BritishOli the Demonspawn Fighter began the quest for the
                  | Orb.
     0 | D:1      | Reached XP level 1. HP: 18/18 MP: 1/1
   419 | D:1      | Gained mutation: Your touch may inflict minor irresistible
                  | damage on your foes. [demonic ancestry]
   419 | D:1      | Reached XP level 2. HP: 20/24 MP: 2/2
  1045 | D:2      | Found a faded altar of an unknown god.
  1467 | D:2      | Gained mutation: Your touch may inflict irresistible damage
                  | on your foes. [demonic ancestry]
  1467 | D:2      | Reached XP level 3. HP: 29/29 MP: 3/3
  1493 | D:2      | Frozen to death by an endoplasm

Illustrated notes

Levels and vault maps discovered:
D:1:      dpeg_cavernosity, layout_loops_ring
D:2:      layout_rooms, basic_ecumenical_altar, corexii_item_surrounded_by_moat,
          minmay_snake_closets

Skill      XL: |  1  2 |
---------------+-------+-----
Long Blades    | 2 |  2.2
Armour         | 3 |  3.0
Shields        | 3 |  3.0
Fighting       | |  3.3

Action                   || total
-------------------------++-------
Melee: Long sword        ||    87
Armor: Scale mail        ||    52
Dodge: Dodged            ||    34
Block: Buckler           ||    30

Table legend: (Time is in decaauts)
 A = Elapsed time spent in this place.
 B = Non-inter-level travel time spent in this place.
 C = Inter-level travel time spent in this place.
 D = Time resting spent in this place.
 E = Time spent auto-exploring this place.
 F = Levels seen in this place.
 G = Mean time per level.
                   A        B        C        D        E       F      G
               +--------+--------+--------+--------+--------+-----+--------+
         Total |   1522 |   1489 |     33 |      0 |   1286 |   2 |  761.0 |
       Dungeon |   1522 |   1489 |     33 |      0 |   1286 |   2 |  761.0 |
               +--------+--------+--------+--------+--------+-----+--------+

Top non-repeatable levels by time:
     D:1: 1060 daAuts
     D:2: 462 daAuts
